 Dungeon Crawl Stone Soup version 0.31-a0-221-gbddc013574 (webtiles) character file.

Game seed: 15774306349048219445

264 qw the Shooter (level 5, 0/48 HPs)
             Began as a Minotaur Hexslinger on July 4, 2023.
             Slain by an orc
             ... wielding a +0 trident
              (4 damage)
             ... on level 3 of the Dungeon.
             The game lasted 00:00:50 (1913 turns).

qw the Shooter (Minotaur Hexslinger)                Turns: 1913, Time: 00:00:50

Health: 0/48       AC:  6    Str: 12    XL:     5   Next: 98%
Magic:  5/5        EV: 11    Int: 10    God:
Gold:   76         SH:  0    Dex: 15    Spells: 5/6 levels left

rFire   . . .        Y - +1 sling
rCold   . . .        (no shield)
rNeg    . . .        a - +0 ring mail
rPois   .            (helmet restricted)
rElec   .            (no cloak)
rCorr   .            (no gloves)
SInv    .            c - +0 pair of boots
Will    .....        (no amulet)
Stlth   +            (no ring)
HPRegen 0.28/turn    (no ring)
MPRegen 0.09/turn

%: no passive effects
@: no status effects
A: horns 2, retaliatory headbutt
a: no special abilities


You were on level 3 of the Dungeon.
You visited 1 branch of the dungeon, and saw 3 of its levels.

You collected 76 gold pieces.


Innate Abilities, Weirdness & Mutations

You have a pair of horns on your head.
You reflexively headbutt those who attack you in melee.


   Skills:
 - Level 5.0 Fighting
 + Level 5.0 Ranged Weapons
 - Level 1.0 Armour
 - Level 2.1 Dodging
 - Level 1.0 Spellcasting
 - Level 2.0 Hexes


You had 5 spell levels left.
You knew the following spells:

 Your Spells              Type           Power      Damage    Failure   Level
a - Slow                  Hex            16%        N/A       34%         1

Your spell library contained the following spells:

 Spells                   Type           Power      Damage    Failure   Level
 Inner Flame              Hex/Fire       2%         N/A       83%         3
 Portal Projectile        Hex/Tloc       4%         N/A       83%         3
 Cause Fear               Hex            2%         N/A       98%         4

Inventory:

Hand Weapons
 Y - a +1 sling (weapon)
Armour
 a - a +0 ring mail (worn)
 c - a +0 pair of boots (worn)
Scrolls
 f - a scroll of identify
 g - a scroll of enchant weapon {unknown}
Potions
 b - 2 potions of degeneration {unknown}
 d - a potion of enlightenment
 i - a potion of mutation {unknown}

Dungeon Overview and Level Annotations

Branches:
Dungeon (3/15)

Altars:
Uskayaw

Shops:
D:1 !


Message History

You resist with some effort. The orc misses you.
The kobold hits you but does no damage.
The orc wizard points at you and mumbles some strange words.
The puff of flame hits you!
The orc hits you from afar with a +0 trident.
The kobold closely misses you.
The orc wizard hits you but does no damage.
The orc misses you.
You feel less confused. The orc wizard barely misses you.
The kobold hits you but does no damage. The orc hits you but does no damage.
You shoot a sling bullet. The sling bullet hits the orc wizard.
The orc wizard is heavily wounded.
The orc wizard hits you but does no damage.
The orc hits you but does no damage. The kobold hits you with a +3 dagger.
You shoot a sling bullet.
The sling bullet barely misses the orc wizard.
The kobold hits you with a +3 dagger.
The orc wizard hits you but does no damage.
The orc closely misses you.
You shoot a sling bullet.
The sling bullet hits the orc wizard but does no damage.
The orc wizard is heavily wounded.
The orc wizard mumbles some strange words.
The orc wizard flickers and vanishes!
Deactivating autopickup; reactivate with Ctrl-A.
The orc hits you from afar with a +0 trident.
The kobold hits you with a +3 dagger. The kobold hits you but does no damage.
The orc barely misses you.
You hear some strange, mumbled words.
Something tries to affect you, but you resist.
You shoot a sling bullet.
The sling bullet closely misses the kobold.
The kobold closely misses you. Something hits you but does no damage.
The orc barely misses you.
You shoot a sling bullet.
The sling bullet barely misses the kobold.
The kobold hits you with a +3 dagger. Something hits you but does no damage.
The orc hits you from afar with a +0 trident.
You die...

#.# ... #.# ###+##...
#.# ......... #.#
#........ #[# #.....$..
#.# ##### #........
##.#######...###)Ko....#
##'##....+...'.{@#o
......####...#####
......# #...# .....[#
#...####
.#+##.####......#
.........'......+
......####......#
#.....# #......# #.###.#
########


You could see an orc and a kobold.

Vanquished Creatures
  Sigmund (D:2)
  Natasha (twice) (D:2)
  An adder (D:3)
  2 worms
  2 orcs (D:3)
  4 ball pythons
  4 bats
  6 endoplasms
  5 giant cockroaches
  2 goblins (D:2)
  2 hobgoblins
  6 jackals
  2 quokkas (D:1)
  3 frilled lizards (D:2)
  6 kobolds
  4 rats
52 creatures vanquished.

Notes
Turn   | Place    | Note
-------+----------+-------------------------------------------
     0 | D:1      | qw the Minotaur Hexslinger began the quest for the Orb.
     0 | D:1      | Reached XP level 1. HP: 16/16 MP: 1/1
     0 | D:1      | 0 ||| qw: Version: 0.3-a-41-g9d075ac
     0 | D:1      | 0 ||| qw: Game counter: 731
     0 | D:1      | 0 ||| qw: Melee chars always use a shield: true
     0 | D:1      | 0 ||| qw: God list: Okawaru
     0 | D:1      | 0 ||| qw: Allow faded altars: false
     0 | D:1      | 0 ||| qw: Do Orc after clearing Dungeon:15 true
     0 | D:1      | 0 ||| qw: Do second Lair branch before Depths: true
     0 | D:1      | 0 ||| qw: Lair rune preference: random
     0 | D:1      | 0 ||| qw: Goals: Normal
     0 | D:1      | 0 ||| PLANNING D:1-11
    53 | D:1      | Found Sebborr's Distillery.
    61 | D:1      | 61 ||| SHOPLISTING 2 potions of curing (60 gold, have 11).
    61 | D:1      | 61 ||| SHOPLISTING 2 potions of resistance (200 gold, have
                  | 11).
    61 | D:1      | 61 ||| SHOPLISTING potion of cancellation (80 gold, have
                  | 11).
    61 | D:1      | 61 ||| SHOPLISTING potion of heal wounds (50 gold, have
                  | 11).
    61 | D:1      | 61 ||| SHOPLISTING potion of might (40 gold, have 11).
   127 | D:1      | Reached skill level 3 in Ranged Weapons
   127 | D:1      | Reached XP level 2. HP: 21/23 MP: 2/2
   144 | D:1      | HP: 5/24 [ball python (2)]
   499 | D:1      | Reached XP level 3. HP: 29/29 MP: 3/3
   595 | D:1      | 595 ||| UPGRADING to +0 leather armour.
   605 | D:1      | 605 ||| DROPPING +0 robe.
   606 | D:1      | 606 ||| READING scroll labelled TEFIPIR COREJE.
   607 | D:1      | 607 ||| READING 2 scrolls labelled SOGESCH FUITO.
   608 | D:1      | 608 ||| READING scroll labelled HUSUSK BIONO.
   609 | D:1      | 609 ||| DRINKING 3 fizzy inky potions.
   610 | D:1      | 610 ||| DROPPING scroll of poison.
   745 | D:2      | Noticed Natasha
   747 | D:2      | 747 ||| FLEEEEING.
   759 | D:2      | Killed Natasha
   837 | D:2      | 837 ||| Stepping ~*~*~tactically~*~*~ (water).
   939 | D:2      | Reached XP level 4. HP: 30/36 MP: 4/4
  1088 | D:2      | 1088 ||| Stepping ~*~*~tactically~*~*~ (water).
  1205 | D:2      | Noticed Natasha
  1212 | D:2      | Killed Natasha
  1378 | D:2      | Noticed Sigmund
  1381 | D:2      | 1381 ||| DRINKING 2 potions of curing.
  1381 | D:2      | 1381 ||| (to cure confusion)
  1393 | D:2      | Killed Sigmund
  1394 | D:2      | Reached XP level 5. HP: 15/48 MP: 5/5
  1650 | D:2      | 1650 ||| UPGRADING to +0 ring mail.
  1660 | D:2      | 1660 ||| UPGRADING to +0 pair of boots.
  1665 | D:2      | 1665 ||| DROPPING +0 leather armour.
  1666 | D:2      | 1666 ||| READING scroll labelled SOANNE FOIPT.
  1667 | D:2      | 1667 ||| DRINKING 2 smoky black potions.
  1668 | D:2      | 1668 ||| READING 2 scrolls of identify.
  1668 | D:2      | 1668 ||| IDENTIFYING grey potion
  1807 | D:3      | Noticed a +0 spear
  1808 | D:3      | Noticed a +0 short sword
  1808 | D:3      | Noticed a +0 falchion
  1809 | D:3      | Noticed a +0 falchion
  1809 | D:3      | Noticed a +0 dagger
  1809 | D:3      | Noticed a +0 short sword
  1809 | D:3      | Noticed a +0 spear
  1820 | D:3      | Noticed a +0 dagger
  1834 | D:3      | Found a hide-covered altar of Uskayaw.
  1898 | D:3      | HP: 11/48 [orc/+0 trident (3)]
  1899 | D:3      | 1899 ||| DRINKING potion of heal wounds.
  1900 | D:3      | 1900 ||| DRINKING potion of curing.
  1900 | D:3      | 1900 ||| (to cure confusion)
  1901 | D:3      | Reached skill level 1 in Armour
  1909 | D:3      | HP: 11/48 [kobold/+3 dagger (3)]
  1911 | D:3      | HP: 5/48 [kobold/+3 dagger (1)]
  1913 | D:3      | Slain by an orc

Levels and vault maps discovered:
D:1:      minmay_arrival_hallway, layout_rooms, serial_shops, shop, st_stairs_4
D:2:      layout_basic, kennysheep_boxes, uniq_sigmund, uniq_natasha
D:3:      layout_basic, nicolae_uskayaw_en_pointe, shapermc_ecumenical_altar_gd,
          serial_bayou_lake_a

Skill      XL: |  1  2  3  4  5 |
---------------+----------------+-----
Ranged Weapons | 3 4 5 |  5.0
Fighting       | 2 5 |  5.0
Armour         | 1 |  1.0
Dodging        | |  2.1
Spellcasting   | |  1.0
Hexes          | |  2.0

Action                     |  1- 3 |  4- 6 || total
---------------------------+-------+-------++-------
   Fire: Sling             |   125 |    69 ||   194
    Use: Scroll            |     3 |     2 ||     5
         Potion            |     1 |     4 ||     5
 Armour: Robe              |     6 |       ||     6
         Leather armour    |     3 |     1 ||     4
         Ring mail         |       |    20 ||    20
  Dodge: Dodged            |    39 |    31 ||    70

Table legend:
 A = Non-vault XP
 B = Vault XP
 C = Vault XP percentage of total XP
 D = Non-vault monster count
 E = Vault monster count
 F = Vault count percentage of total count
                 A         B        C        D         E       F
            +---------+---------+-------+---------+---------+-------
      Total |     129 |     249 |  65.9 |      47 |       5 |   9.6
            +---------+---------+-------+---------+---------+-------
        D:1 |      41 |       4 |   8.9 |      23 |       3 |  11.5
        D:2 |      62 |     245 |  79.8 |      19 |       2 |   9.5
        D:3 |      26 |       0 |   0.0 |       5 |       0 |   0.0
            +---------+---------+-------+---------+---------+-------
